AoeStats
← Ken

Arena

509537684Analyzed
4v4 RM · 4d ago on Sep 27, 2026· 49m 6s· 8 players
Game mode
Random Map
Map size
Large (8 player)
Population
200
Speed
Normal
Resources
Standard
Victory
Conquest
Starting age
Dark Age
Ending age
Imperial Age
RankedLock teamsTeams togetherTeam positionsShared explorationLock speedFull tech treeHidden civsTurbo modeCheats
Victory
Defeat
🇨🇷 Vikings · Costa Rica
1279
+7
🇺🇸 Franks · United States
1086
+14
🇵🇪 Saxons · Peru
1049
+14
🇨🇴 Persians · Colombia
993
+17
🇲🇽 Bulgarians · Mexico
1067
-14
🇲🇽 Khmer · Mexico
1038
-13
🇨🇳 Franks · China
1027
-13
🇦🇺 Mongols · Australia
1018
-12
NeessQuiick
10:35 Feudal Age
14:52 Castle Age
13:09 Double-Bit Axe
14:43 Stone Mining
25:51 Horse Collar
27:58 Gold Mining
28:56 Wheelbarrow
33:23 Imperial Age
33:19 Bloodlines
33:09 Husbandry
32:30 Light Cavalry
34:21 Fletching
34:32 Padded Archer Armor
35:51 Scale Barding Armor
35:43 Bodkin Arrow
42:59 Hussar
45:14 Bracer
45:30 Leather Archer Armor
46:16 Heavy Scorpion
omarUMP
10:58 Feudal Age
15:49 Castle Age
13:53 Loom
17:23 Double-Bit Axe
17:22 Horse Collar
20:13 Fletching
21:11 Wheelbarrow
20:53 Bodkin Arrow
24:10 Forging
32:12 Imperial Age
31:00 Bow Saw
31:25 Pikeman
33:05 Halberdier
35:43 Elite Skirmisher
37:25 Thumb Ring
37:55 Bracer
37:59 Padded Archer Armor
38:36 Iron Casting
38:01 Scale Mail Armor
39:47 Leather Archer Armor
41:49 Chemistry
40:45 Murder Holes
42:05 Blast Furnace
41:20 Chain Mail Armor
Ken
10:56 Feudal Age
15:31 Castle Age
13:59 Double-Bit Axe
16:46 Bow Saw
19:06 Loom
22:10 Wheelbarrow
26:11 Hand Cart
27:23 Gold Mining
27:44 Scale Barding Armor
29:46 Gold Shaft Mining
29:01 Stone Mining
31:53 Imperial Age
29:55 Husbandry
30:07 Forging
31:08 Chain Barding Armor
31:23 Iron Casting
32:45 Cavalier
33:12 Treadmill Crane
33:29 Murder Holes
34:47 Blast Furnace
35:32 Plate Barding Armor
34:51 Ordonnance Companies
35:51 Conscription
37:27 Chemistry
36:48 Ballistics
36:35 Chivalry
37:41 Masonry
37:49 Paladin
38:26 Fletching
38:36 Padded Archer Armor
38:36 Scale Mail Armor
39:42 Squires
39:02 Pikeman
40:43 Halberdier
41:09 Arson
41:22 Bodkin Arrow
41:42 Leather Archer Armor
41:42 Chain Mail Armor
44:21 Plate Mail Armor
45:50 Caravan
46:58 Gambesons
46:33 Man-at-Arms
47:01 Light Cavalry
Muadib
13:40 Feudal Age
17:44 Castle Age
18:36 Double-Bit Axe
20:21 Bow Saw
19:55 Horse Collar
22:11 Gold Mining
24:25 Wheelbarrow
25:00 Heavy Plow
26:22 Hand Cart
32:00 Imperial Age
29:25 Loom
30:18 Fortified Wall
30:51 Gold Shaft Mining
30:07 Stone Mining
30:25 Padded Archer Armor
30:15 Fletching
31:40 Fortified Wall
32:12 Forging
32:07 Scale Barding Armor
32:10 Husbandry
32:20 Bloodlines
32:34 Capped Ram
34:24 Iron Casting
34:09 Chain Barding Armor
34:16 Heavy Camel Rider
36:12 Chain Barding Armor
36:53 Blast Furnace
38:31 Blast Furnace
38:34 Drill
37:39 Siege Ram
39:05 Conscription
40:13 Bodkin Arrow
40:34 Leather Archer Armor
40:44 Ballistics
45:31 Bracer
TheYolis
0:53 Loom
11:30 Feudal Age
17:20 Castle Age
16:14 Double-Bit Axe
20:27 Fervor
21:06 Wheelbarrow
22:59 Bow Saw
26:11 Scale Barding Armor
26:20 Forging
26:22 Gold Mining
28:32 Hand Cart
28:11 Town Watch
29:36 Iron Casting
29:54 Stone Mining
30:43 Gold Shaft Mining
33:11 Imperial Age
33:03 Chain Barding Armor
33:26 Cavalier
34:06 Husbandry
36:23 Blast Furnace
35:59 Plate Barding Armor
35:26 Scale Mail Armor
37:03 Conscription
36:06 Elite Throwing Axeman
36:54 Paladin
40:07 Chemistry
39:27 Ballistics
39:13 Siege Engineers
38:50 Treadmill Crane
39:06 Murder Holes
39:22 Fortified Wall
40:06 Chain Mail Armor
43:09 Plate Mail Armor
seantairs
7:37 Loom
10:41 Feudal Age
15:13 Castle Age
13:45 Double-Bit Axe
13:52 Horse Collar
23:53 Stone Mining
23:48 Crossbowman
27:58 Fletching
32:04 Bodkin Arrow
36:40 Imperial Age
36:15 Heavy Plow
36:29 Bow Saw
36:11 Gold Mining
36:35 Padded Archer Armor
37:30 Bracer
38:10 Block Printing
37:25 Arbalester
38:56 Leather Archer Armor
40:28 Chemistry
39:49 Ballistics
39:29 Capped Ram
41:15 Ring Archer Armor
47:28 Siege Ram
49:03 Bogsveigar
49:13 Town Watch
CVPE | Monje del SENA
8:28 Loom
10:16 Feudal Age
15:30 Castle Age
13:25 Double-Bit Axe
15:48 Horse Collar
20:53 Heavy Plow
23:04 Loom
27:14 Wheelbarrow
29:31 Imperial Age
27:24 Bow Saw
29:02 Scale Barding Armor
29:08 Forging
29:51 Husbandry
30:01 Bloodlines
30:17 Hand Cart
30:02 Gold Mining
30:47 Chain Barding Armor
31:16 Crop Rotation
30:19 Heavy Camel Rider
32:26 Two-Man Saw
32:29 Conscription
33:25 Plate Barding Armor
33:25 Iron Casting
33:42 Gold Shaft Mining
36:48 Chemistry
36:09 Ballistics
37:26 Blast Furnace
36:28 Padded Archer Armor
36:49 Kamandaran
36:37 Heavy Scorpion
37:40 Crossbowman
38:25 Thumb Ring
37:43 Elite Skirmisher
39:33 Leather Archer Armor
39:09 Fletching
42:37 Ring Archer Armor
42:02 Bodkin Arrow
43:16 Light Cavalry
44:29 Hussar
AGARRINI LA PALINI
0:32 Loom
10:25 Feudal Age
12:00 Double-Bit Axe
16:05 Castle Age
18:53 Stone Mining
18:53 Gold Mining
21:06 Wheelbarrow
21:55 Redemption
22:50 Clerical Recruitment
23:29 Town Watch
26:34 Fletching
27:47 Bodkin Arrow
28:58 Bow Saw
28:30 Horse Collar
32:32 Imperial Age
32:25 Padded Archer Armor
35:17 Ballistics
35:38 Sanctity
35:54 Theocracy
35:04 Pikeman
35:53 Murder Holes
36:17 Squires
37:33 Chemistry
36:43 Masonry
36:18 Elite Varangian Guard
38:10 Block Printing
38:05 Halberdier
39:11 Bracer
39:52 Forging
39:42 Scale Mail Armor
39:46 Arson
39:46 Gambesons
41:34 Conscription
40:37 Shield Wall
42:10 Iron Casting
41:51 Chain Mail Armor
45:10 Plate Mail Armor
44:48 Onager
46:38 Leather Archer Armor
49:46 Caravan
Connection lost

Rejoining the realm…

Still unreachable

The connection could not be restored.

Session expired

The server has moved on; the page needs a fresh start.